 Dungeon Crawl Stone Soup version 0.29-a0-824-gd827844252 (webtiles) character file.

Game seed: 7351637809483146558

880 Malachi the Skirmisher (level 8, -4/63 HPs)
             Began as a Gnoll Hunter on July 9, 2022.
             Slain by an orc warrior
             ... wielding a +0 dire flail
              (12 damage)
             ... on level 5 of the Dungeon.
             The game lasted 00:03:57 (4159 turns).

Malachi the Skirmisher (Gnoll Hunter)               Turns: 4159, Time: 00:03:58

Health: -4/63      AC:  9    Str: 10    XL:     8   Next: 5%
Magic:  12/12      EV: 14    Int:  9    God:
Gold:   358        SH:  0    Dex: 18    Spells: 13/13 levels left

rFire   . . .      SeeInvis .   a - +0 shortbow
rCold   . . .      Faith    .   (shield currently unavailable)
rNeg    . . .      Spirit   .   c - +0 leather armour
rPois   +          Reflect  .   (no helmet)
rElec   .          Harm     .   q - +0 cloak
rCorr   .          Rampage  .   l - +0 pair of gloves
Will    .....                   (no boots)
Stlth   +++.......              (no amulet)
HPRegen 0.20/turn               e - +4 ring of protection
MPRegen 0.13/turn               f - ring of poison resistance

@: no status effects
A: fangs 1, strong nose, distributed training
a: no special abilities


You were on level 5 of the Dungeon.
You visited 1 branch of the dungeon, and saw 5 of its levels.

You collected 358 gold pieces.

Inventory:

Hand Weapons
 a - a +0 shortbow (weapon)
Armour
 c - a +0 leather armour (worn)
 l - a +0 pair of gloves (worn)
 q - a +0 cloak (worn)
Jewellery
 e - a +4 ring of protection (left hand)
 f - a ring of poison resistance (right hand)
Scrolls
 b - 2 scrolls of immolation
 d - 4 scrolls of teleportation {unknown}
 i - 3 scrolls of magic mapping {unknown}
 j - 10 scrolls of identify {unknown}
 k - 4 scrolls of fog {unknown}
 o - 2 scrolls of fear {unknown}
 p - a scroll of acquirement {unknown}
 r - a scroll of enchant weapon {unknown}
 s - a scroll of blinking {unknown}
 v - a scroll of noise {unknown}
 w - a scroll of enchant armour {unknown}
Potions
 g - a potion of heal wounds {unknown}
 h - a potion of resistance {unknown}
 m - 2 potions of flight {unknown}
 n - a potion of degeneration {unknown}
 t - a potion of haste {unknown}
 u - 2 potions of invisibility {unknown}
 x - a potion of berserk rage {unknown}
 z - a potion of brilliance {unknown}


   Skills:
 + Level 5.5 Fighting
 + Level 3.0 Short Blades
 + Level 3.0 Long Blades
 + Level 3.0 Axes
 + Level 3.0 Maces & Flails
 + Level 3.0 Polearms
 + Level 3.0 Staves
 + Level 9.1 Ranged Weapons
 + Level 3.0 Throwing
 + Level 3.0 Armour
 + Level 5.5 Dodging
 + Level 3.9 Stealth
 + Level 3.0 Shields
 + Level 3.0 Unarmed Combat
 + Level 3.0 Spellcasting
 + Level 2.4 Conjurations
 + Level 2.4 Hexes
 + Level 2.4 Summonings
 + Level 2.4 Necromancy
 + Level 2.4 Translocations
 + Level 2.4 Transmutations
 + Level 2.4 Fire Magic
 + Level 2.4 Ice Magic
 + Level 2.4 Air Magic
 + Level 2.4 Earth Magic
 + Level 2.4 Poison Magic
 + Level 3.3 Invocations
 + Level 3.0 Evocations


You had 13 spell levels left.
You didn't know any spells.
Your spell library contained the following spells:

 Spells                   Type           Power      Damage    Failure   Level
 Ensorcelled Hibernation  Hex/Ice        10%        N/A       22%         2
 Passwall                 Tmut/Erth      4%         N/A       22%         2
 Swiftness                Air            5%         N/A       41%         3


Dungeon Overview and Level Annotations

Branches:
Dungeon (5/15)
 Temple: D:4-7

Altars:
Fedhas
Sif Muna

Annotations:
D:3 2 transporters, exclusion: oklob plant, gabibbone's ghost, amateur FoHu


Innate Abilities, Weirdness & Mutations

You have very sharp teeth.
Your uncanny sense of smell can sniff out nearby items.
Your experience applies equally to all skills.


Message History

You are too injured to fight recklessly!
Fire: a) +0 shortbow
Press: ? - help, Q - select action Shift-Dir - straight line, f/p - orc priest
Aim: an orc priest, wielding a +0 whip and wearing a +0 scale mail (lightly wounded, 70% to hit)
You shoot an arrow. The arrow hits the orc warrior.
The orc warrior is lightly wounded.
The orc warrior closely misses you.
Fire: a) +0 shortbow
Press: ? - help, Q - select action Shift-Dir - straight line, f - orc warrior
Aim: an orc warrior, wielding a +0 dire flail and wearing a +0 plate armour (lightly wounded, 67% to hit)
You shoot an arrow. The arrow hits the orc warrior.
The orc warrior is lightly wounded.
The orc warrior closely misses you.
Unknown command.
Fire: a) +0 shortbow
Press: ? - help, Q - select action Shift-Dir - straight line, f/p - orc warrior
Aim: an orc warrior, wielding a +0 dire flail and wearing a +0 plate armour (lightly wounded, 67% to hit)
You shoot an arrow.
The arrow barely misses the orc warrior.
The orc warrior misses you.
Fire: a) +0 shortbow
Press: ? - help, Q - select action Shift-Dir - straight line, f - orc priest, p - orc warrior
Aim: an orc priest, wielding a +0 whip and wearing a +0 scale mail (lightly wounded, 70% to hit)
You shoot an arrow.
The arrow closely misses the orc warrior.
The arrow hits the orc but does no damage.
The orc is moderately wounded.
The orc warrior hits you with a +0 dire flail!
* * * LOW HITPOINT WARNING * * *
Fire: a) +0 shortbow
Press: ? - help, Q - select action Shift-Dir - straight line, f/p - orc priest
Aim: an orc priest, wielding a +0 whip and wearing a +0 scale mail (lightly wounded, 70% to hit)
You shoot an arrow.
The arrow closely misses the orc warrior.
The arrow hits the orc!
You kill the orc!
The orc priest calls upon Beogh to heal the orc warrior.
The orc warrior's wounds heal themselves!
The orc warrior hits you with a +0 dire flail!
You die...

#................
#...............
#.............#.
##...........###
####............###
#...........###..##
##..##....### ##..#
#.####..## #..# #@#
###.# #... ##o# ###
##.. #o## #.. #o)o#
#.. #.#o.o. ∆∆#....
#####..# #.... ...
#..## 8# ##. # #


You could see an orc warrior and 2 orc priests.

Vanquished Creatures
  2 ogres (D:5)
  A phantom (D:4)
  3 scorpions
  A gnoll sergeant (D:5)
  3 hounds (D:4)
  An orc priest (D:5)
  6 orc wizards
  4 gnolls (D:5)
  An adder (D:2)
  An ufetubus (D:5)
  2 dart slugs
  15 orcs
  5 ball pythons
  5 endoplasms
  A giant cockroach (D:2)
  4 goblins
  5 hobgoblins
  4 jackals
  4 bats
  A frilled lizard (D:1)
  8 kobolds
  9 rats
86 creatures vanquished.

Notes
Turn   | Place    | Note
-------+----------+-------------------------------------------
     0 | D:1      | Malachi the Gnoll Hunter began the quest for the Orb.
     0 | D:1      | Reached XP level 1. HP: 20/20 MP: 1/1
   109 | D:1      | Reached XP level 2. HP: 26/26 MP: 2/2
   481 | D:1      | Found a faded altar of an unknown god.
   782 | D:2      | Reached XP level 3. HP: 27/31 MP: 3/3
  1061 | D:2      | Reached skill level 1 in Invocations
  1068 | D:2      | Reached skill level 1 in Short Blades
  1068 | D:2      | Reached skill level 1 in Long Blades
  1068 | D:2      | Reached skill level 1 in Axes
  1068 | D:2      | Reached skill level 1 in Maces & Flails
  1068 | D:2      | Reached skill level 1 in Polearms
  1068 | D:2      | Reached skill level 1 in Staves
  1068 | D:2      | Reached skill level 1 in Throwing
  1068 | D:2      | Reached skill level 1 in Armour
  1068 | D:2      | Reached skill level 1 in Shields
  1068 | D:2      | Reached skill level 1 in Unarmed Combat
  1068 | D:2      | Reached skill level 1 in Spellcasting
  1068 | D:2      | Reached skill level 1 in Evocations
  1698 | D:3      | Reached XP level 4. HP: 38/38 MP: 5/5
  1980 | D:3      | Identified the +4 great mace "Byvor" {drain, rF- rN+ rCorr
                  | Str+7}
  1980 | D:3      | Noticed an ogre
  1981 | D:3      | Noticed gabibbone's ghost (amateur FoHu)
  1984 | D:3      | Found a transporter.
  1988 | D:3      | Found a transporter.
  2089 | D:3      | Found a blossoming altar of Fedhas.
  2110 | D:3      | Noticed an oklob plant
  2381 | D:4      | Noticed a scorpion
  2389 | D:4      | Killed a scorpion
  2390 | D:4      | Reached skill level 1 in Conjurations
  2390 | D:4      | Reached skill level 1 in Hexes
  2390 | D:4      | Reached skill level 1 in Summonings
  2390 | D:4      | Reached skill level 1 in Necromancy
  2390 | D:4      | Reached skill level 1 in Translocations
  2390 | D:4      | Reached skill level 1 in Transmutations
  2390 | D:4      | Reached skill level 1 in Fire Magic
  2390 | D:4      | Reached skill level 1 in Ice Magic
  2390 | D:4      | Reached skill level 1 in Air Magic
  2390 | D:4      | Reached skill level 1 in Earth Magic
  2390 | D:4      | Reached skill level 1 in Poison Magic
  2390 | D:4      | Reached XP level 5. HP: 43/43 MP: 5/7
  2756 | D:4      | Noticed a phantom
  2765 | D:4      | Reached XP level 6. HP: 46/50 MP: 8/8
  2778 | D:4      | Reached skill level 5 in Fighting
  2778 | D:4      | Reached skill level 5 in Dodging
  2879 | D:4      | Found a shimmering blue altar of Sif Muna.
  3467 | D:5      | Entered Level 5 of the Dungeon
  3538 | D:5      | Reached XP level 7. HP: 53/56 MP: 10/10
  3774 | D:5      | Reached skill level 9 in Ranged Weapons
  4093 | D:5      | Reached XP level 8. HP: 63/63 MP: 12/12
  4159 | D:5      | Slain by an orc warrior

Illustrated notes

Levels and vault maps discovered:
D:1:      lemuel_arrival_funnel, layout_loops_ring,
          hellmonk_ecumenical_altar_pennies_from_heaven, minmay_cupped
D:2:      layout_loops_cross, minmay_pentomino_p4
D:3:      layout_loops_ring, tgw_fedhas, gammafunk_ghost_smash
D:4:      layout_basic, led_sif_book
D:5:      layout_layer_cave, lemuel_doored_altar, kennysheep_mini_moat,
          evilmike_ruin_ashenzari, supply_closet_lemuel, grunt_ministairs_5,
          pf_guarded_unrand_meek

Skill      XL: |  1  2  3  4  5  6  7 |
---------------+----------------------+-----
Invocations    | 1 2 3 |  3.3
Short Blades   | 1 2 3 |  3.0
Long Blades    | 1 2 3 |  3.0
Axes           | 1 2 3 |  3.0
Maces & Flails | 1 2 3 |  3.0
Polearms       | 1 2 3 |  3.0
Staves         | 1 2 3 |  3.0
Throwing       | 1 2 3 |  3.0
Armour         | 1 2 3 |  3.0
Shields        | 1 2 3 |  3.0
Unarmed Combat | 1 2 3 |  3.0
Spellcasting   | 1 2 3 |  3.0
Evocations     | 1 2 3 |  3.0
Conjurations   | 1 2 |  2.4
Hexes          | 1 2 |  2.4
Summonings     | 1 2 |  2.4
Necromancy     | 1 2 |  2.4
Translocations | 1 2 |  2.4
Transmutations | 1 2 |  2.4
Fire Magic     | 1 2 |  2.4
Ice Magic      | 1 2 |  2.4
Air Magic      | 1 2 |  2.4
Earth Magic    | 1 2 |  2.4
Poison Magic   | 1 2 |  2.4
Stealth        | 3 |  3.9
Fighting       | 5 |  5.5
Dodging        | 5 |  5.5
Ranged Weapons | 9 |  9.1

Action                   |  1- 3 |  4- 6 |  7- 9 || total
-------------------------+-------+-------+-------++-------
 Fire: Shortbow          |    85 |   128 |   108 ||   321
Armor: Leather armour    |    13 |    28 |    21 ||    62
Dodge: Dodged            |    25 |    70 |    40 ||   135

Table legend: (Time is in decaauts)
 A = Elapsed time spent in this place.
 B = Non-inter-level travel time spent in this place.
 C = Inter-level travel time spent in this place.
 D = Time resting spent in this place.
 E = Time spent auto-exploring this place.
 F = Levels seen in this place.
 G = Mean time per level.
                   A        B        C        D        E       F      G
               +--------+--------+--------+--------+--------+-----+--------+
         Total |   4196 |   3961 |    235 |    241 |   3174 |   5 |  839.2 |
       Dungeon |   4196 |   3961 |    235 |    241 |   3174 |   5 |  839.2 |
               +--------+--------+--------+--------+--------+-----+--------+

Top non-repeatable levels by time:
     D:4: 1145 daAuts
     D:3: 879 daAuts
     D:1: 762 daAuts
     D:5: 705 daAuts
     D:2: 704 daAuts
